 Dungeon Crawl Stone Soup version 0.31.0-32-g396128a36d (webtiles) character file.

Game seed: 7450691914882131755

5 Peloso the Shield-Bearer (level 1, -1/20 HPs)
             Began as a Minotaur Fighter on Mar 15, 2024.
             Slain by an endoplasm (3 damage)
             ... on level 1 of the Dungeon.
             The game lasted 00:00:08 (47 turns).

Peloso the Shield-Bearer (Minotaur Fighter)           Turns: 47, Time: 00:00:09

Health: -1/20      AC:  7    Str: 20    XL:     1   Next: 66%
Magic:  0/0        EV:  9    Int:  5    God:
Gold:   0          SH:  4    Dex:  9    Spells: 0/0 levels left

rFire   . . .        a - +0 long sword
rCold   . . .        c - +0 buckler
rNeg    . . .        b - +0 scale mail
rPois   .            (helmet restricted)
rElec   .            (no cloak)
rCorr   .            (no gloves)
SInv    .            (no boots)
Will    .....        (no amulet) Stlth
                     (no ring)
HPRegen 0.23/turn    (no ring)
MPRegen 0.07/turn

%: no passive effects
@: no status effects
A: horns 2, retaliatory headbutt
a: no special abilities


You were on level 1 of the Dungeon.
You visited 1 branch of the dungeon, and saw 1 of its levels.

Inventory:

Hand Weapons
 a - a +0 long sword (weapon)
Armour
 b - a +0 scale mail (worn)
 c - a +0 buckler (worn)
Scrolls
 e - a scroll of poison {unknown}
Potions
 d - a potion of might


   Skills:
 + Level 3.7 Fighting
 + Level 2.5 Long Blades
 + Level 3.8 Armour
 + Level 3.8 Shields


You couldn't memorise any spells.
You didn't know any spells.
Your spell library was empty.

Dungeon Overview and Level Annotations

Branches:
Dungeon (1/15)

Altars:


Innate Abilities, Weirdness & Mutations

You have a pair of horns on your head.
You reflexively headbutt those who attack you in melee.


Message History

You hit the endoplasm. You headbutt the endoplasm.
The endoplasm is almost dead.
You block the endoplasm's attack.
The endoplasm hits you but does no damage.
You hit the endoplasm but do no damage.
The endoplasm is almost dead.
The endoplasm freezes you.
You are frozen.
You hit the endoplasm but do no damage.
The endoplasm is almost dead.
The endoplasm hits you but does no damage.
The kobold hits you with a +4 short sword.
You completely miss the endoplasm. You headbutt the endoplasm.
You kill the endoplasm!
The kobold hits you but does no damage.
You barely miss the hobgoblin. The hobgoblin closely misses you.
An endoplasm comes into view.
The kobold barely misses you. The hobgoblin barely misses you.
The endoplasm quivers.
You hit the hobgoblin. You headbutt the hobgoblin.
You kill the hobgoblin!
The kobold hits you with a +4 short sword.
* * * LOW HITPOINT WARNING * * *
You block the kobold's attack.
The kobold hits you with a +4 short sword.
* * * LOW HITPOINT WARNING * * *
You see here a hobgoblin corpse.
You barely miss the kobold. Your headbutt misses the kobold.
The kobold hits you but does no damage.
You closely miss the kobold. The endoplasm freezes you.
You are frozen.
* * * LOW HITPOINT WARNING * * *
The kobold hits you with a +4 short sword.
* * * LOW HITPOINT WARNING * * *
The endoplasm hits you but does no damage.
The kobold hits you but does no damage.
The endoplasm attacks as it pursues you!
The endoplasm hits you.
You die...

######## .......#
.......###########
.......##........# #
.......##........##.###.
.......##...............
.......#........@#
.......#.......KJ#
###..........†...#
###..............#
.............(...#
....................
#♣♣♣.♣♣♣##..#.........
♣⌠♣ #............
♣♣♣♣.♣♣♣♣♣..#.#####.#.


You could see an endoplasm and a kobold.

Vanquished Creatures
  A dart slug (D:1)
  An endoplasm (D:1)
  A hobgoblin (D:1)
3 creatures vanquished.

Notes
Turn   | Place    | Note
-------+----------+-------------------------------------------
     0 | D:1      | Peloso the Minotaur Fighter began the quest for the Orb.
     0 | D:1      | Reached XP level 1. HP: 19/19 MP: 0/0
    44 | D:1      | HP: 1/20 [kobold/+4 short sword (2)]
    47 | D:1      | Slain by an endoplasm

Illustrated notes

Levels and vault maps discovered:
D:1:      scummos_arrival_forest, layout_rooms, serial_shops,
          nicolae_shop_behind_doors, chequers_serial_rivers_large_b,
          chequers_serial_rivers_micro_a

Action                     || total
---------------------------++-------
  Melee: Long sword        ||    10
         Headbutt          ||     3
 Armour: Scale mail        ||    14
  Dodge: Dodged            ||     3
  Block: Buckler           ||     2
